cohdb
Replays
Latest Replays
All Replays
Popular Replays
Top Player Replays
Match Explorer
How It Works
Community
CoH3 Stats
Reddit
Sign in to upload your games and track your stats! →
Sign in with Steam
Match 41677628
Unlisted
Match 41677628
Overview
Messages
Build Orders
End
Pioneer Squad
Construct Infanterie Kompanie
Selects Mechanized Battlegroup
Grenadier Squad
MG 42 Machine Gun Team
Grenadier Squad
Construct Luftwaffe Kompanie
Jäger Squad
Selects Raid Package
Support Elements
Medical Bunker
Jäger Squad
Wirbelwind Flakpanzer
Selects StuG Assault Group
Luftwaffe Officer Quarters
Marder III M Tank Destroyer
Jäger Squad
Selects Mobile Repair Stations
221 Scout Car
Selects Wespe Self-propelled Artillery
Side Skirts
SevaMelnikov
只愛❤毛妹
0
0
Comments
sign in to comment!
No comments posted yet!